 Dungeon Crawl Stone Soup version 0.16-a0-922-gae79c9c (webtiles) character file.

48 JacquesDerrida the Stinger (level 3, 0/24 HPs)
             Began as a Demonspawn Venom Mage on Sept 30, 2014.
             Succumbed to a goblin's poison
             ... on Level 2 of the Dungeon.
             The game lasted 00:04:13 (892 turns).

JacquesDerrida the Stinger (Demonspawn Venom Mage)   Turns: 892, Time: 00:04:13

HP   0/24        AC  3     Str  8      XL: 3   Next: 50%
MP   6/6         EV 16     Int 16      God:
Gold 88          SH  0     Dex 19      Spells:  1 memorised,  5 levels left

rFire  . . .     SeeInvis .     k - +0 mace
rCold  . . .     Clarity  .     e - +0 leather armour
rNeg   . . .     rCorr    .     (no shield)
rPois  .         rRot     .     (no helmet)
rElec  .         Spirit   .     (no cloak)
SustAb .         Warding  .     (no gloves)
rMut   .         Stasis   .     (no boots)
Gourm  .                        (no amulet)
MR     .....                    (no ring)
                                (no ring)

@: agile, lethally poisoned, flying, very slightly contaminated, not resistant
to hostile enchantments, fairly stealthy
A: talons 2
a: no special abilities


You were on level 2 of the Dungeon.
You were not hungry.

You visited 1 branch of the dungeon, and saw 2 of its levels.

You collected 88 gold pieces.

Inventory:

Hand weapons
 k - a +0 mace (weapon)
 l - a +0 dagger of speed
Missiles
 p - 7 tomahawks (quivered)
Armour
 a - a +0 robe
 e - a +0 leather armour (worn)
Comestibles
 c - a bread ration
 h - a meat ration
 o - a chunk of hobgoblin flesh
Scrolls
 g - a scroll of teleportation {unknown}
 i - 2 scrolls of fog {unknown}
 j - a scroll of remove curse {unknown}
 m - a scroll of noise {unknown}
Potions
 d - a potion of magic
 f - a potion of agility
Books
 b - a Young Poisoner's Handbook

   Spells                             Type                      Level
   *Sting                             Conjuration/Poison           1
   Cure Poison                        Poison                       2
   Mephitic Cloud                     Conjuration/Poison/Air       3
   Olgreb's Toxic Radiance            Poison                       4
   Venom Bolt                         Conjuration/Poison           5


   Skills:
 - Level 1.7 Dodging
 - Level 1.7 Stealth
 + Level 2.9 Unarmed Combat
 - Level 2.0 Spellcasting
 - Level 4.0 Poison Magic


You had 5 spell levels left.
You knew the following spells:

 Your Spells              Type           Power        Failure   Level  Hunger
a - Sting                 Conj/Pois      #...         10%         1    #......


Dungeon Overview and Level Annotations

Branches:
Dungeon (2/15)

Altars:


Innate Abilities, Weirdness & Mutations

You have razor-sharp toenails.


Message History

Drink which item? (? for menu, Esc to quit)
Okay, then.
Wield which item (- for none, * to show all)? (? for menu, Esc to quit)
k - a +0 mace (weapon)
* * * LOW HITPOINT WARNING * * *
You feel sick.
You swing at nothing.
* * * LOW HITPOINT WARNING * * *
You feel sick.
You swing at nothing.
* * * LOW HITPOINT WARNING * * *
You feel sick.
You swing at nothing.
* * * LOW HITPOINT WARNING * * *
You feel sick.
You swing at nothing.
* * * LOW HITPOINT WARNING * * *
You feel sick.
You swing at nothing.
You die...

............##.......#
.######........#####.#
##
#.#.#.##.#####.#######
####
#.#.#.##.##..........#
...#
#.#...##.##.##.#####.#
##.# # ###.##....##>#
.# #
#.##.......#####.###
##.###
###.#########..........
......
........@........#####
...###
###.#####.)......# #.#
##....
#........###....# ##
#..>............#
##.......###....# ##.#
#.......# #.# ...#
..........# ..#
######.#### #.# #.#


There were no monsters in sight!

Vanquished Creatures
  An adder (D:2)
  2 ball pythons (D:1)
  3 bats (D:1)
  2 giant cockroaches
  4 goblins
  7 hobgoblins
  4 jackals (D:1)
  5 kobolds
  A giant newt (D:1)
  8 rats
37 creatures vanquished.

Notes
Turn   | Place    | Note
--------------------------------------------------------------
     0 | D:1      | JacquesDerrida, the Demonspawn Venom Mage, began the quest for the Orb.
     0 | D:1      | Reached XP level 1. HP: 13/13 MP: 3/3
   126 | D:1      | Reached skill level 1 in Unarmed Combat
   246 | D:1      | Gained mutation: You have sharp toenails. [demonic ancestry]
   246 | D:1      | Reached XP level 2. HP: 8/19 MP: 0/4
   613 | D:1      | Gained mutation: You have razor-sharp toenails. [demonic ancestry]
   613 | D:1      | Reached XP level 3. HP: 15/24 MP: 0/6
   891 | D:2      | HP: 1/24 [poisoned by a goblin]
   892 | D:2      | Succumbed to a goblin's poison

Action                   || total
-------------------------++-------
Melee: Unarmed           ||    21
       Dagger            ||    24
 Cast: Sting             ||    61
  Use: Potion            ||     3
  Eat: Chunk             ||     1
